 Dungeon Crawl Stone Soup version 0.30.1-11-g7821555f0a (webtiles) character file.

Game seed: 14401247338266412576

1253 Unglued128 the Thrower (level 8, 0/58 HPs)
             Began as a Gnoll Wanderer on Oct 31, 2023.
             Was a Follower of Nemelex Xobeh.
             Splashed by a jelly's acid (7 damage)
             ... on level 6 of the Dungeon.
             The game lasted 00:33:20 (5328 turns).

Unglued128 the Thrower (Gnoll Wanderer)             Turns: 5328, Time: 00:33:23

Health: 0/58       AC:  6    Str: 11    XL:     8   Next: 51%
Magic:  14/14      EV: 12    Int: 11    God:    Nemelex Xobeh [*.....]
Gold:   212        SH:  0    Dex: 15    Spells: 15/16 levels left

rFire   . . .        a - +3 dagger
rCold   . . .        (no shield)
rNeg    . . .        e - +0 leather armour
rPois   .            t - +0 helmet
rElec   .            (no cloak)
rCorr   .            l - +0 pair of gloves
SInv    .            (no boots)
Will    .....        (no amulet)
Stlth   ++           k - +4 ring of slaying
HPRegen 0.29/turn    m - +4 ring of protection
MPRegen 0.14/turn

%: no passive effects
@: lethally poisoned (0 -> -8), elixired, corroded
A: fangs 1, strong nose, distributed training
a: Renounce Religion, Draw Escape, Draw Destruction, Draw Summoning


You were on level 6 of the Dungeon.
You worshipped Nemelex Xobeh.
Nemelex Xobeh was aware of your devotion.
You visited 1 branch of the dungeon, and saw 6 of its levels.

You collected 262 gold pieces.
You spent 50 gold pieces at shops.

Inventory:

Hand Weapons
 a - a +3 dagger (weapon)
 i - a +0 dagger of draining
 x - a +3 flail of holy wrath
Missiles
 y - a curare-tipped dart (quivered)
 B - a throwing net
Armour
 e - a +0 leather armour (worn)
 l - a +0 pair of gloves (worn)
 t - a +0 helmet (worn)
Jewellery
 k - a +4 ring of slaying (left hand)
 m - a +4 ring of protection (right hand)
 q - an amulet of faith
 r - an amulet of magic regeneration
 w - a +6 ring of intelligence
Wands
 b - a wand of roots (10)
 v - a wand of light (5)
Scrolls
 h - a scroll of torment
 A - a scroll of vulnerability {unknown}
Potions
 c - 3 potions of lignification
 d - 2 potions of attraction
 f - 2 potions of mutation
 g - a potion of brilliance
 j - a potion of berserk rage
 n - 2 potions of curing
 o - 2 potions of heal wounds {unknown}
 p - a potion of haste {unknown}
 s - a potion of flight {unknown}
 u - 2 potions of invisibility
 z - a potion of might {unknown}


   Skills:
 + Level 3.4 Fighting
 + Level 3.4 Short Blades
 + Level 3.4 Long Blades
 + Level 3.4 Axes
 + Level 3.4 Maces & Flails
 + Level 3.4 Polearms
 + Level 3.4 Staves
 + Level 3.4 Ranged Weapons
 + Level 9.2 Throwing
 + Level 4.4 Armour
 + Level 3.4 Dodging
 + Level 4.2 Stealth
 + Level 3.4 Shields
 + Level 3.4 Unarmed Combat
 + Level 4.5 Spellcasting
 + Level 2.8 Conjurations
 + Level 3.6 Hexes
 + Level 2.8 Summonings
 + Level 2.8 Necromancy
 + Level 2.8 Translocations
 + Level 2.8 Transmutations
 + Level 2.8 Fire Magic
 + Level 2.8 Ice Magic
 + Level 2.8 Air Magic
 + Level 2.8 Earth Magic
 + Level 2.8 Poison Magic
 + Level 3.8 Invocations
 + Level 5.8 Evocations


You had 15 spell levels left.
You knew the following spells:

 Your Spells              Type           Power      Damage    Failure   Level
a - Slow                  Hex            40%        N/A       6%          1

Your spell library contained the following spells:

 Spells                   Type           Power      Damage    Failure   Level
 Freeze                   Ice            32%        1d5       9%          1
 Portal Projectile        Hex/Tloc       18%        N/A       22%         3
 Call Canine Familiar     Summ           8%         N/A       26%         3
 Frozen Ramparts          Ice            16%        1d3       26%         3
 Hailstorm                Conj/Ice       8%         3d4       26%         3
 Leda's Liquefaction      Hex/Erth       4%         N/A       58%         4
 Borgnjor's Revivificati  Necr           4%         N/A       100%        8
 Necromutation            Tmut/Necr      4%         N/A       100%        8
 Death's Door             Necr           4%         N/A       100%        9


Dungeon Overview and Level Annotations

Branches:
Dungeon (6/15)
 Temple: D:4-7

Altars:
Gozag
Nemelex Xobeh
Zin

Shops:
D:4 ((*


Innate Abilities, Weirdness & Mutations

You have very sharp teeth.
Your uncanny sense of smell can sniff out nearby items.
Your experience applies equally to all skills.


Message History

The water moccasin is severely wounded.
The water moccasin barely misses you. The iguana closely misses you.
The jelly barely misses you. The water moccasin bites you.
You hit the water moccasin. Your bite misses the water moccasin.
The water moccasin is severely wounded.
The iguana barely misses you. The jelly barely misses you.
The water moccasin completely misses you.
You closely miss the water moccasin.
The water moccasin is severely wounded.
The iguana misses you. The jelly closely misses you.
The water moccasin bites you but does no damage.
You hit the water moccasin. Your bite misses the water moccasin.
The water moccasin is almost dead.
The water moccasin barely misses you. The iguana closely misses you.
The jelly hits you.
You are splashed with acid!
You hit the water moccasin.
The water moccasin is almost dead.
The water moccasin bites you.
* * * LOW HITPOINT WARNING * * *
You are lethally poisoned!
The water moccasin poisons you!
You draw a card...
You have drawn the Elixir.
You begin rapidly regenerating health and magic.
You feel very sick. The iguana closely misses you.
The jelly closely misses you. The water moccasin bites you.
* * * LOW HITPOINT WARNING * * *
You barely miss the water moccasin.
The water moccasin is almost dead.
You feel sick. The water moccasin closely misses you.
The iguana closely misses you. The jelly misses you.
You hit the water moccasin.
You kill the water moccasin!
You feel sick. The iguana bites you!
* * * LOW HITPOINT WARNING * * *
The jelly hits you.
* * * LOW HITPOINT WARNING * * *
The acid corrodes you!
You are splashed with acid!
You die...
Your body disappears without a glow.

#.##..##$$#
#.##...#### +
#.####### .# #.#
#.# ...
#.##########..#...#
#...............#
##.#######.(.##.#
#.# #....#### #.#
#.@J....# #.#
#.l.###.... #.#
###.# #.# #.# #.# .
#.# #.# #.# #.. #.#
#.. .... #.#
.......# #.#
......# ...#


You could see an iguana and a jelly.

Vanquished Creatures
  Sigmund (D:2)
  Edmund (D:4)
  2 water moccasins
  A black bear (D:4)
  An orc warrior (D:5)
  An ice beast (D:5)
  A centaur (D:6)
  A phantom (D:4)
  A howler monkey (D:5)
  A gnoll bouda (D:5)
  An orc priest (D:5)
  2 hounds (D:5)
  2 iguanas (D:5)
  An orc wizard (D:5)
  Robin (D:3)
  7 gnolls (D:5)
  6 adders
  2 worms (D:4)
  3 dart slugs
  5 orcs
  5 bats
  4 endoplasms
  2 giant cockroaches
  8 hobgoblins
  10 jackals
  2 quokkas (D:4)
  A ball python (D:1)
  5 frilled lizards
  10 goblins
  4 kobolds
  2 rats
94 creatures vanquished.

Notes
Turn   | Place    | Note
-------+----------+-------------------------------------------
     0 | D:1      | Unglued128 the Gnoll Wanderer began the quest for the Orb.
     0 | D:1      | Unglued128 set off with the following items: a +2 dagger, a
                  | curare-tipped dart, a potion of lignification, a potion of
                  | attraction, a +0 leather armour; and the following spell
                  | memorised: Slow; and the following spells available to
                  | memorise: Portal Projectile.
     0 | D:1      | Reached XP level 1. HP: 13/13 MP: 4/4
   454 | D:1      | Reached XP level 2. HP: 14/19 MP: 5/5
  1417 | D:2      | Reached XP level 3. HP: 25/25 MP: 7/7
  1495 | D:2      | Noticed Sigmund
  1500 | D:2      | Killed Sigmund
  1501 | D:2      | Reached skill level 1 in Fighting
  1501 | D:2      | Reached skill level 1 in Short Blades
  1501 | D:2      | Reached skill level 1 in Long Blades
  1501 | D:2      | Reached skill level 1 in Axes
  1501 | D:2      | Reached skill level 1 in Maces & Flails
  1501 | D:2      | Reached skill level 1 in Polearms
  1501 | D:2      | Reached skill level 1 in Staves
  1501 | D:2      | Reached skill level 1 in Ranged Weapons
  1501 | D:2      | Reached skill level 1 in Dodging
  1501 | D:2      | Reached skill level 1 in Shields
  1501 | D:2      | Reached skill level 1 in Unarmed Combat
  1501 | D:2      | Reached skill level 1 in Conjurations
  1501 | D:2      | Reached skill level 1 in Summonings
  1501 | D:2      | Reached skill level 1 in Necromancy
  1501 | D:2      | Reached skill level 1 in Translocations
  1501 | D:2      | Reached skill level 1 in Transmutations
  1501 | D:2      | Reached skill level 1 in Fire Magic
  1501 | D:2      | Reached skill level 1 in Ice Magic
  1501 | D:2      | Reached skill level 1 in Air Magic
  1501 | D:2      | Reached skill level 1 in Earth Magic
  1501 | D:2      | Reached skill level 1 in Poison Magic
  1501 | D:2      | Reached skill level 1 in Invocations
  1501 | D:2      | Reached XP level 4. HP: 32/32 MP: 8/8
  1501 | D:2      | Reached XP level 5. HP: 37/37 MP: 9/9
  2018 | D:3      | Found a faded altar of an unknown god.
  2295 | D:3      | Found an opulent altar of Gozag.
  2368 | D:3      | Noticed Robin
  2412 | D:3      | Killed Robin
  2571 | D:3      | Reached XP level 6. HP: 44/44 MP: 11/11
  2878 | D:4      | Found Puogh's General Store.
  2878 | D:4      | Found Peetysm's Antique Weapon Emporium.
  2878 | D:4      | Found Mocac's Antique Weapon Emporium.
  2884 | D:4      | Bought a scroll of identify for 20 gold pieces
  2884 | D:4      | Bought a potion of curing for 30 gold pieces
  3007 | D:4      | Noticed a black bear
  3033 | D:4      | Found a sparkling altar of Nemelex Xobeh.
  3075 | D:4      | Became a worshipper of Nemelex Xobeh the Trickster
  3110 | D:4      | Noticed Edmund
  3139 | D:4      | Reached skill level 5 in Evocations
  3276 | D:4      | Killed a black bear
  3374 | D:4      | Reached XP level 7. HP: 33/50 MP: 12/12
  3497 | D:4      | Killed Edmund
  3759 | D:5      | Entered Level 5 of the Dungeon
  3960 | D:5      | Reached skill level 9 in Throwing
  4254 | D:5      | Reached XP level 8. HP: 54/58 MP: 14/14
  4276 | D:5      | Reached * piety under Nemelex Xobeh
  4276 | D:5      | Received a gift from Nemelex Xobeh
  5289 | D:6      | Found a glowing silver altar of Zin.
  5328 | D:6      | Splashed by a jelly's acid

Illustrated notes

Levels and vault maps discovered:
D:1:      kennysheep_arrival_seaside, layout_loops_corners, serial_glass,
          glass_columns_a, glass_columns_a, due_unseen_surprise,
          minmay_strange_pillars, item_on_display_a, feat_on_display
D:2:      layout_loops_ring, serial_park_tiny_1, chequers_mini_garden,
          chequers_serial_rivers_small_3, minivault_27, uniq_sigmund
D:3:      minmay_wonky_spiral, layout_loops_ring,
          nicolae_gozag_cash_rules_everything_around_me,
          shapermc_ecumenical_altar_ellora, kennysheep_cluttered_room,
          uniq_robin
D:4:      layout_cave_pools, mainiacjoe_overflow_alcove_1,
          nicolae_shop_distant_corner_stores, minmay_distorted, uniq_edmund
D:5:      layout_basic, grunt_decor_arrowhead
D:6:      layout_basic, zin_treasury, lemuel_temple_firewalk_b, uniq_grinder

Skill      XL: |  1  2  3  4  5  6  7  8 |
---------------+-------------------------+-----
Hexes          | 2 3 |  3.6
Fighting       | 1 2 3 |  3.4
Short Blades   | 1 2 3 |  3.4
Long Blades    | 1 2 3 |  3.4
Axes           | 1 2 3 |  3.4
Maces & Flails | 1 2 3 |  3.4
Polearms       | 1 2 3 |  3.4
Staves         | 1 2 3 |  3.4
Ranged Weapons | 1 2 3 |  3.4
Armour         | 3 4 |  4.4
Dodging        | 1 2 3 |  3.4
Shields        | 1 2 3 |  3.4
Unarmed Combat | 1 2 3 |  3.4
Spellcasting   | 3 4 |  4.5
Conjurations   | 1 2 |  2.8
Summonings     | 1 2 |  2.8
Necromancy     | 1 2 |  2.8
Translocations | 1 2 |  2.8
Transmutations | 1 2 |  2.8
Fire Magic     | 1 2 |  2.8
Ice Magic      | 1 2 |  2.8
Air Magic      | 1 2 |  2.8
Earth Magic    | 1 2 |  2.8
Poison Magic   | 1 2 |  2.8
Invocations    | 1 2 3 |  3.8
Stealth        | 3 4 |  4.2
Evocations     | 5 |  5.8
Throwing       | 9 |  9.2

Action                     |  1- 3 |  4- 6 |  7- 9 || total
---------------------------+-------+-------+-------++-------
  Melee: Dagger            |    64 |   107 |   162 ||   333
         Bite              |     6 |    11 |    14 ||    31
         Punch             |       |     3 |     3 ||     6
  Throw: Dart              |     1 |     1 |     1 ||     3
 Invoke: Draw Escape       |       |       |     1 ||     1
         Draw Destruction  |       |       |     1 ||     1
  Evoke: Wand              |       |     1 |     3 ||     4
    Use: Scroll            |     4 |     4 |     2 ||    10
         Potion            |       |       |     1 ||     1
   Stab: Sleeping          |       |     3 |     1 ||     4
         Invisible         |       |       |     1 ||     1
 Armour: Leather armour    |    26 |    38 |    41 ||   105
  Dodge: Dodged            |    36 |    46 |    82 ||   164
